Lightning vs Sharks

Created - 8 novembre 2017 at 15:55

Goals
1 2 3 T
Lightning 0 1 1 2
Sharks 4 0 1 5
Shots
1 2 3 T
Lightning 5 13 8 26
Sharks 21 5 16 42

1st period

1. Sharks , Michael Ryder 4 (Nikita Nikitin 5, Andrew Ladd 1) at 4:42 (PP)
2. Sharks , Henrik Zetterberg 5 (Marian Gaborik 5, Dany Heatley 3) at 7:03
3. Sharks , Dany Heatley 6 (Seth Jones 9, Marian Gaborik 6) at 7:54
4. Sharks , Seth Jones 2 (Marian Gaborik 7, Dany Heatley 4) at 18:35 (PP)

Penalties :
Seth Jones (SJS) for Tripping (Minor) at 0:34, Esa Lindell (TBL) for Goalie Interference (Minor) at 1:37, Blake Comeau (TBL) for High sticking (Minor) at 4:06, Alec Martinez (SJS) for Roughing (Minor) at 8:37, Brett Pesce (TBL) for Hooking (Minor) at 14:00, Jarret Stoll (TBL) for Holding Stick (Minor) at 18:02

2nd period

5. Lightning , Travis Konecny 2 (Jack Johnson 3, Jarret Stoll 5) at 6:11

Penalties :
Keith Ballard (SJS) for Holding (Minor) at 14:03, Esa Lindell (TBL) for Hooking (Minor) at 17:31

3rd period

6. Lightning , Jarret Stoll 2 (Esa Lindell 5) at 18:21
7. Sharks , Michael Ryder 5 (Seth Jones 10, Nathan MacKinnon 3) at 18:39

Penalties :
Jarret Stoll (TBL) for Hooking (Minor) at 2:12, Oscar Lindberg (SJS) for Boarding (Minor) at 14:57

Goalie Stats

Devan Dubnyk (TBL), 37 saves from 42 shots - (0,881), L, 6-7-0, 60:00 minutes
Martin Jones (SJS), 24 saves from 26 shots - (0,923), W, 9-4-0, 60:00 minutes

Players Stats for Lightning

Player Name              G  A  P  +/- PIM S  H  SB GA TA FO     MP     PP MP  PK MP  
------------------------------------------------------------------------------------
Alexander Burmistrov     0  0  0  -1  0   0  0  0  0  0  1/1    12:34   0:00   0:00 
Alexander Ovechkin       0  0  0   1  0   3  1  0  0  0  0/0    18:35   3:37   0:06 
Blake Comeau             0  0  0  -1  2   0  4  0  0  0  0/0    12:33   0:00   0:00 
Brett Pesce              0  0  0   1  2   0  2  3  0  0  0/0    17:51   0:00   3:13 
Carl Hagelin             0  0  0  -1  0   1  0  0  0  0  1/1    14:39   3:37   4:23 
Corey Perry              0  0  0   0  0   3  2  0  0  0  0/1    10:02   0:00   0:00 
Drew Doughty             0  0  0  -2  0   1  3  4  0  0  0/0    24:01   3:22   4:35 
Esa Lindell              0  1  1   0  4   2  0  3  0  0  0/0    17:44   3:37   0:00 
Jack Johnson             0  1  1   1  0   0  2  0  0  0  0/0    18:59   0:00   4:20 
Jarret Stoll             1  1  2   1  4   2  6  2  0  0  18/33  21:07   3:37   2:46 
Jordan Staal             0  0  0   0  0   2  2  1  0  0  14/30  18:14   3:23   4:49 
Kyle Quincey             0  0  0   0  0   4  1  4  0  0  0/0    18:22   3:38   0:36 
Morgan Rielly            0  0  0  -2  0   0  1  1  0  0  0/0    23:00   3:22   3:34 
Nick Foligno             0  0  0  -1  0   4  5  0  0  0  5/12   25:02   3:23   4:14 
Ryan Thang               0  0  0   0  0   0  0  0  0  0  0/0     0:00   0:00   0:00 
Travis Konecny           1  0  1   1  0   2  0  0  0  0  0/0    14:46   0:00   0:00 
Tyler Toffoli            0  0  0  -1  0   2  0  0  0  0  0/0    10:46   3:23   0:00 
Vyacheslav Trukhno       0  0  0  -1  0   0  0  0  0  0  4/14   12:34   0:00   0:00 

Players Stats for Sharks

Player Name              G  A  P  +/- PIM S  H  SB GA TA FO     MP     PP MP  PK MP  
------------------------------------------------------------------------------------
Alec Martinez            0  0  0   0  2   2  3  4  0  0  0/0    22:03   3:06   2:18 
Andrew Ladd              0  1  1   1  0   4  0  0  0  0  0/2    18:59   4:14   0:00 
Cal Clutterbuck          0  0  0   0  0   2  1  0  0  0  2/2     8:30   0:00   0:00 
Colton Parayko           0  0  0   0  0   0  1  0  0  0  0/0    12:51   0:00   0:14 
Daniel Winnik            0  0  0   0  0   2  0  0  0  0  8/18   12:44   4:14   0:00 
Dany Heatley             1  2  3   2  0   4  2  0  0  0  8/15   22:54   3:55   4:13 
Henrik Zetterberg        1  0  1   2  0   5  0  0  0  0  16/27  20:25   3:55   2:04 
Jean-Gabriel Pageau      0  0  0  -2  0   2  0  0  0  0  2/4     7:19   0:00   0:47 
Keith Ballard            0  0  0   0  2   2  1  0  0  0  0/0    13:20   0:00   1:02 
Marian Gaborik           0  3  3   2  0   3  0  1  0  0  0/2    22:50   3:55   4:09 
Mark Letestu             0  0  0  -2  0   0  0  0  0  0  1/1     6:32   0:00   0:00 
Michael Frolik           0  0  0   0  0   2  0  0  0  0  0/0     9:13   0:00   0:43 
Michael Ryder            2  0  2   1  0   9  4  1  0  0  2/3    21:21   4:14   2:04 
Nathan MacKinnon         0  1  1   1  0   2  0  0  0  0  9/17   14:45   0:00   0:00 
Nikita Nikitin           0  1  1   0  0   2  0  2  0  0  0/0    22:50   3:06   3:04 
Oscar Lindberg           0  0  0  -2  2   0  0  0  0  0  1/1     6:31   0:00   0:00 
Rob Scuderi              0  0  0   1  0   0  1  1  0  0  0/0    24:51   5:03   3:56 
Seth Jones               1  2  3   1  2   1  1  0  0  0  0/0    24:02   5:03   3:26 

3 Stars

1 - Michael Ryder (SJS)
2 - Dany Heatley (SJS)
3 - Marian Gaborik (SJS)

Power Play

Lightning - 0 on 4 Attempt(s) - 0,00%
Sharks - 2 on 6 Attempt(s) - 33,33%

Penalty Kill

Lightning - 4 on 6 Attempt(s) - 66,67% - Score 0 goal in Penalty Kill
Sharks - 4 on 4 Attempt(s) - 100,00% - Score 0 goal in Penalty Kill

Team Stat

Lightning - Hits : 29 - Faceoff Wins : 43 - Blocked Shots : 18 - Penalty Minutes : 12
Sharks - Hits : 14 - Faceoff Wins : 49 - Blocked Shots : 9 - Penalty Minutes : 8

Official

Referees : David Banfield and Francois StLaurent
Linesman : Bryan Pancich and Kyle Larson

Game Notes

No Game Note

Finance

Level 1 -- Attendance: 6000 (100,00%) -- Ticket Income 666 000 $
Level 2 -- Attendance: 5000 (100,00%) -- Ticket Income 320 000 $
Level 3 -- Attendance: 2000 (100,00%) -- Ticket Income 96 000 $
Level 4 -- Attendance: 4000 (100,00%) -- Ticket Income 116 000 $
Luxury Box -- Attendance: 1483 (100,00%) -- Ticket Income 348 505 $
Game was played at the HP Pavillion.
Total Attendance: 18483 (100,00%)
Total Ticket Income: 1 546 505 $
Other Income: 757 787 $
Total Income: 2 304 292 $

Lightning

5 vs 5 Forward 
   Center                   Left Wing                Right Wing               Time % Phy DF OF 
 1 Jordan Staal             Nick Foligno             Corey Perry              34     0   1  4  
 2 Jarret Stoll             Alexander Ovechkin       Travis Konecny           34     0   2  3  
 3 Nick Foligno             Carl Hagelin             Tyler Toffoli            27     0   2  3  
 4 Vyacheslav Trukhno       Blake Comeau             Alexander Burmistrov     5      1   3  1  

5 vs 5 Defense 
   Defense                  Defense                                           Time % Phy DF OF 
 1 Drew Doughty             Morgan Rielly                                     36     1   3  1  
 2 Jack Johnson             Brett Pesce                                       32     1   3  1  
 3 Kyle Quincey             Esa Lindell                                       29     1   4  0  
 4 Drew Doughty             Jack Johnson                                      3      1   3  1  

PowerPlay Forward 
   Center                   Left Wing                Right Wing               Time % Phy DF OF 
 1 Jordan Staal             Tyler Toffoli            Nick Foligno             50     0   0  5  
 2 Jarret Stoll             Carl Hagelin             Alexander Ovechkin       50     0   0  5  

PowerPlay Defense
   Defense                  Defense                                           Time % Phy DF OF 
 1 Drew Doughty             Morgan Rielly                                     50     0   0  5  
 2 Kyle Quincey             Esa Lindell                                       50     0   0  5  

Penalty Kill 4 Players Forward 
   Center                   Wing                     Time % Phy DF OF 
 1 Jordan Staal             Nick Foligno             50     0   5  0  
 2 Jarret Stoll             Carl Hagelin             50     0   5  0  

Penalty Kill 4 Players Defense
   Defense                  Defense                  Time % Phy DF OF 
 1 Drew Doughty             Brett Pesce              50     0   5  0  
 2 Jack Johnson             Morgan Rielly            50     0   5  0  

Penalty Kill - 3 Players Forward 
   Forward                                           Time % Phy DF OF 
 1 Jordan Staal                                      50     0   5  0  
 2 Nick Foligno                                      50     0   5  0  

Penalty Kill - 3 Players Defense
   Defense                  Defense                  Time % Phy DF OF 
 1 Drew Doughty             Brett Pesce              50     0   5  0  
 2 Jack Johnson             Morgan Rielly            50     0   5  0  

4 vs 4 Forward 
   Center                   Wing                     Time % Phy DF OF 
 1 Alexander Ovechkin       Carl Hagelin             50     0   1  4  
 2 Nick Foligno             Tyler Toffoli            50     0   2  3  

4 vs 4 Defense
   Defense                  Defense                  Time % Phy DF OF 
 1 Drew Doughty             Morgan Rielly            50     0   4  1  
 2 Jack Johnson             Brett Pesce              50     0   4  1  

Last Minutes Offensive
   Center                   Left Wing                Right Wing               Defense                  Defense                  
   Jordan Staal             Alexander Ovechkin       Corey Perry              Drew Doughty             Jack Johnson             

Last Minutes Defensive
   Center                   Left Wing                Right Wing               Defense                  Defense                  
   Alexander Burmistrov     Nick Foligno             Corey Perry              Drew Doughty             Jack Johnson             

Goaltenders
Starting : Devan Dubnyk             
Backup : Petr Mrazek              

Extra Forwards
Normal : Jordan Staal, Alexander Ovechkin, Nick Foligno - PP : Jordan Staal, Carl Hagelin - PK : Nick Foligno
Extra Defensemen
Normal : Drew Doughty, Jack Johnson, Morgan Rielly - PP : Drew Doughty - PK : Jack Johnson, Drew Doughty
Penalty Shots
Alexander Ovechkin, Jordan Staal, Tyler Toffoli, Nick Foligno, Carl Hagelin
Custom OT Lines Forwards
Jordan Staal, Alexander Ovechkin, Corey Perry, Nick Foligno, Tyler Toffoli, Travis Konecny, Jarret Stoll, Carl Hagelin, Alexander Burmistrov, Vyacheslav Trukhno
Custom OT Lines Defensemen
Drew Doughty, Jack Johnson, Morgan Rielly, Brett Pesce, Esa Lindell

Scratches
None

Sharks

5 vs 5 Forward 
   Center                   Left Wing                Right Wing               Time % Phy DF OF 
 1 Henrik Zetterberg        Dany Heatley             Marian Gaborik           35     0   0  5  
 2 Nathan MacKinnon         Andrew Ladd              Michael Ryder            35     0   0  5  
 3 Daniel Winnik            Michael Frolik           Cal Clutterbuck          20     1   1  3  
 4 Jean-Gabriel Pageau      Oscar Lindberg           Mark Letestu             10     0   3  2  

5 vs 5 Defense 
   Defense                  Defense                                           Time % Phy DF OF 
 1 Rob Scuderi              Seth Jones                                        40     1   2  2  
 2 Alec Martinez            Nikita Nikitin                                    30     1   2  2  
 3 Colton Parayko           Keith Ballard                                     20     1   2  2  
 4 Rob Scuderi              Seth Jones                                        10     1   2  2  

PowerPlay Forward 
   Center                   Left Wing                Right Wing               Time % Phy DF OF 
 1 Henrik Zetterberg        Dany Heatley             Marian Gaborik           60     1   2  2  
 2 Daniel Winnik            Andrew Ladd              Michael Ryder            40     1   2  2  

PowerPlay Defense
   Defense                  Defense                                           Time % Phy DF OF 
 1 Rob Scuderi              Seth Jones                                        60     1   2  2  
 2 Alec Martinez            Nikita Nikitin                                    40     1   2  2  

Penalty Kill 4 Players Forward 
   Center                   Wing                     Time % Phy DF OF 
 1 Dany Heatley             Marian Gaborik           60     1   2  2  
 2 Michael Ryder            Henrik Zetterberg        40     1   2  2  

Penalty Kill 4 Players Defense
   Defense                  Defense                  Time % Phy DF OF 
 1 Rob Scuderi              Seth Jones               60     1   2  2  
 2 Alec Martinez            Nikita Nikitin           40     1   2  2  

Penalty Kill - 3 Players Forward 
   Forward                                           Time % Phy DF OF 
 1 Dany Heatley                                      60     1   2  2  
 2 Marian Gaborik                                    40     1   2  2  

Penalty Kill - 3 Players Defense
   Defense                  Defense                  Time % Phy DF OF 
 1 Rob Scuderi              Seth Jones               60     1   2  2  
 2 Alec Martinez            Nikita Nikitin           40     1   2  2  

4 vs 4 Forward 
   Center                   Wing                     Time % Phy DF OF 
 1 Dany Heatley             Marian Gaborik           60     1   2  2  
 2 Michael Ryder            Henrik Zetterberg        40     1   2  2  

4 vs 4 Defense
   Defense                  Defense                  Time % Phy DF OF 
 1 Rob Scuderi              Seth Jones               60     1   2  2  
 2 Alec Martinez            Nikita Nikitin           40     1   2  2  

Last Minutes Offensive
   Center                   Left Wing                Right Wing               Defense                  Defense                  
   Henrik Zetterberg        Dany Heatley             Marian Gaborik           Rob Scuderi              Seth Jones               

Last Minutes Defensive
   Center                   Left Wing                Right Wing               Defense                  Defense                  
   Henrik Zetterberg        Dany Heatley             Marian Gaborik           Rob Scuderi              Seth Jones               

Goaltenders
Starting : Martin Jones             
Backup : Ray Emery                

Extra Forwards
Normal : Nathan MacKinnon, Michael Frolik, Jean-Gabriel Pageau - PP : Nathan MacKinnon, Michael Frolik - PK : Jean-Gabriel Pageau
Extra Defensemen
Normal : Colton Parayko, Keith Ballard, Alec Martinez - PP : Colton Parayko - PK : Keith Ballard, Alec Martinez
Penalty Shots
Dany Heatley, Marian Gaborik, Michael Ryder, Henrik Zetterberg, Andrew Ladd
Custom OT Lines Forwards
Dany Heatley, Marian Gaborik, Michael Ryder, Henrik Zetterberg, Andrew Ladd, Daniel Winnik, Nathan MacKinnon, Michael Frolik, Jean-Gabriel Pageau, Cal Clutterbuck
Custom OT Lines Defensemen
Rob Scuderi, Seth Jones, Alec Martinez, Nikita Nikitin, Colton Parayko

Scratches
None


% Time on Ice - Lightning

Lines # - Real PCT - Wanted PCT - Time Play
Normal Forward
1 - 23% - 34% - 10:02
2 - 34% - 34% - 14:46
3 - 15% - 27% - 6:33
4 - 29% - 5% - 12:34
Normal Defense
1 - 35% - 36% - 15:14
2 - 33% - 32% - 14:33
3 - 32% - 29% - 14:08
4 - 0% - 3% - 0:00
PP Forward
1 - 48% - 50% - 3:23
2 - 52% - 50% - 3:37
PP Defense
1 - 48% - 50% - 3:22
2 - 52% - 50% - 3:38
PK Forward
1 - 46% - 50% - 3:46
2 - 54% - 50% - 4:23
PK Defense
1 - 56% - 50% - 4:35
2 - 44% - 50% - 3:34
PK3 Forward
1 - 0% - 50%
2 - 0% - 50%
PK3 Defense
1 - 0% - 50%
2 - 0% - 50%
44 Forward
1 - 11% - 50% - 0:06
2 - 89% - 50% - 0:50
44 Defense
1 - 89% - 50% - 0:50
2 - 11% - 50% - 0:06
Last Minute Offensive  - 0:00
Last Minute Defensive  - 0:00
Total
Forward - 60:00
Defense - 60:00

% Time on Ice - Sharks

Lines # - Real PCT - Wanted PCT - Time Play
Normal Forward
1 - 32% - 35% - 14:08
2 - 34% - 35% - 14:45
3 - 19% - 20% - 8:30
4 - 15% - 10% - 6:32
Normal Defense
1 - 35% - 40% - 15:34
2 - 37% - 30% - 16:02
3 - 28% - 20% - 12:19
4 - 0% - 10% - 0:00
PP Forward
1 - 48% - 60% - 3:55
2 - 52% - 40% - 4:14
PP Defense
1 - 62% - 60% - 5:03
2 - 38% - 40% - 3:06
PK Forward
1 - 70% - 60% - 4:56
2 - 30% - 40% - 2:04
PK Defense
1 - 56% - 60% - 3:56
2 - 44% - 40% - 3:04
PK3 Forward
1 - 0% - 60%
2 - 0% - 40%
PK3 Defense
1 - 0% - 60%
2 - 0% - 40%
44 Forward
1 - 68% - 60% - 0:38
2 - 32% - 40% - 0:18
44 Defense
1 - 32% - 60% - 0:18
2 - 68% - 40% - 0:38
Last Minute Offensive  - 0:00
Last Minute Defensive  - 0:00
Total
Forward - 60:00
Defense - 60:00

Play by Play

1st period


0:01 of 1st period - Henrik Zetterberg wins face-off versus Jordan Staal in neutral zone.
0:17 of 1st period - Henrik Zetterberg is hit by Nick Foligno and loses puck.
0:34 of 1st period - Minor Penalty to Seth Jones for Tripping.
0:35 of 1st period - Jarret Stoll wins face-off versus Dany Heatley in Sharks zone.
0:43 of 1st period - Jarret Stoll is hit by Alec Martinez.
0:47 of 1st period - Shot by Alexander Ovechkin.
0:47 of 1st period - Shot Blocked by Alec Martinez.
0:52 of 1st period - Alexander Ovechkin is hit by Alec Martinez and loses puck.
1:35 of 1st period - Shot by Henrik Zetterberg.
1:35 of 1st period - Shot Misses the Net.
1:37 of 1st period - Shot by Keith Ballard.
1:37 of 1st period - Stopped by Devan Dubnyk without a rebound.
1:37 of 1st period - Minor Penalty to Esa Lindell for Goalie Interference.
1:38 of 1st period - Dany Heatley wins face-off versus Nick Foligno in Lightning zone.
2:01 of 1st period - Shot by Nick Foligno.
2:01 of 1st period - Shot Misses the Net.
2:03 of 1st period - Shot by Drew Doughty.
2:03 of 1st period - Shot Misses the Net.
2:44 of 1st period - Off-side.
2:45 of 1st period - Daniel Winnik wins face-off versus Jordan Staal in neutral zone.
3:04 of 1st period - Shot by Michael Ryder.
3:04 of 1st period - Shot Misses the Net.
3:06 of 1st period - Shot by Andrew Ladd.
3:06 of 1st period - Shot Blocked by Drew Doughty.
3:21 of 1st period - Off-side.
3:22 of 1st period - Henrik Zetterberg wins face-off versus Jarret Stoll in neutral zone.
4:05 of 1st period - Keith Ballard is hit by Blake Comeau.
4:06 of 1st period - Minor Penalty to Blake Comeau for High sticking.
4:07 of 1st period - Jarret Stoll wins face-off versus Daniel Winnik in Lightning zone.
4:38 of 1st period - Shot by Michael Ryder.
4:38 of 1st period - Shot Blocked by Drew Doughty.
4:40 of 1st period - Shot by Nikita Nikitin.
4:40 of 1st period - Shot Blocked by Brett Pesce.
4:42 of 1st period - Shot by Michael Ryder.
4:42 of 1st period - Goal by Michael Ryder - Lightning : 0 - Sharks : 1.
4:43 of 1st period - Dany Heatley wins face-off versus Jarret Stoll in neutral zone.
5:08 of 1st period - Shot by Henrik Zetterberg.
5:08 of 1st period - Deflect By Marian Gaborik.
5:08 of 1st period - Stopped by Devan Dubnyk without a rebound.
5:09 of 1st period - Daniel Winnik wins face-off versus Nick Foligno in Lightning zone.
5:09 of 1st period - Michael Frolik is hit by Brett Pesce and loses puck.
5:12 of 1st period - Shot by Nikita Nikitin.
5:12 of 1st period - Stopped by Devan Dubnyk without a rebound.
5:13 of 1st period - Daniel Winnik wins face-off versus Nick Foligno in Lightning zone.
5:14 of 1st period - Shot by Alec Martinez.
5:14 of 1st period - Stopped by Devan Dubnyk without a rebound.
5:15 of 1st period - Nathan MacKinnon wins face-off versus Nick Foligno in Lightning zone.
5:47 of 1st period - Shot by Nick Foligno.
5:47 of 1st period - Stopped by Martin Jones without a rebound.
5:48 of 1st period - Jarret Stoll wins face-off versus Daniel Winnik in Sharks zone.
6:23 of 1st period - Rob Scuderi is hit by Drew Doughty and loses puck.
6:32 of 1st period - Shot by Michael Frolik.
6:32 of 1st period - Stopped by Devan Dubnyk with a rebound.
6:43 of 1st period - Dany Heatley is hit by Drew Doughty.
6:51 of 1st period - Shot by Marian Gaborik.
6:51 of 1st period - Shot Misses the Net.
6:53 of 1st period - Shot by Dany Heatley.
6:53 of 1st period - Shot Misses the Net.
7:03 of 1st period - Shot by Marian Gaborik.
7:03 of 1st period - Deflect By Henrik Zetterberg.
7:03 of 1st period - Goal by Henrik Zetterberg - Lightning : 0 - Sharks : 2.
7:04 of 1st period - Nathan MacKinnon wins face-off versus Jordan Staal in neutral zone.
7:04 of 1st period - Michael Ryder is hit by Nick Foligno and loses puck.
7:09 of 1st period - Colton Parayko is hit by Corey Perry and loses puck.
7:16 of 1st period - Shot by Jordan Staal.
7:16 of 1st period - Shot Misses the Net.
7:42 of 1st period - Shot by Nathan MacKinnon.
7:42 of 1st period - Stopped by Devan Dubnyk without a rebound.
7:43 of 1st period - Henrik Zetterberg wins face-off versus Vyacheslav Trukhno in Lightning zone.
7:44 of 1st period - Shot by Dany Heatley.
7:44 of 1st period - Stopped by Devan Dubnyk without a rebound.
7:45 of 1st period - Henrik Zetterberg wins face-off versus Vyacheslav Trukhno in Lightning zone.
7:54 of 1st period - Shot by Dany Heatley.
7:54 of 1st period - Goal by Dany Heatley - Lightning : 0 - Sharks : 3.
7:55 of 1st period - Daniel Winnik wins face-off versus Nick Foligno in neutral zone.
8:32 of 1st period - Shot by Kyle Quincey.
8:32 of 1st period - Shot Misses the Net.
8:34 of 1st period - Shot by Kyle Quincey.
8:34 of 1st period - Shot Blocked by Nikita Nikitin.
8:36 of 1st period - Shot by Kyle Quincey.
8:36 of 1st period - Stopped by Martin Jones with a rebound.
8:37 of 1st period - Minor Penalty to Alec Martinez for Roughing.
8:38 of 1st period - Dany Heatley wins face-off versus Jarret Stoll in Sharks zone.
8:43 of 1st period - Seth Jones is hit by Jarret Stoll and loses puck.
8:50 of 1st period - Shot by Morgan Rielly.
8:50 of 1st period - Shot Blocked by Marian Gaborik.
8:52 of 1st period - Shot by Carl Hagelin.
8:52 of 1st period - Stopped by Martin Jones without a rebound.
8:53 of 1st period - Dany Heatley wins face-off versus Jordan Staal in Sharks zone.
9:47 of 1st period - Esa Lindell is hit by Colton Parayko and loses puck.
10:08 of 1st period - Shot by Alexander Ovechkin.
10:08 of 1st period - Stopped by Martin Jones without a rebound.
10:09 of 1st period - Michael Ryder wins face-off versus Jordan Staal in Sharks zone.
10:17 of 1st period - Icing by Jordan Staal.
10:18 of 1st period - Jordan Staal wins face-off versus Dany Heatley in Lightning zone.
10:27 of 1st period - Shot by Drew Doughty.
10:27 of 1st period - Shot Misses the Net.
10:55 of 1st period - Shot by Nathan MacKinnon.
10:55 of 1st period - Shot Misses the Net.
10:57 of 1st period - Shot by Andrew Ladd.
10:57 of 1st period - Stopped by Devan Dubnyk without a rebound.
10:58 of 1st period - Jarret Stoll wins face-off versus Jean-Gabriel Pageau in Lightning zone.
11:29 of 1st period - Shot by Jean-Gabriel Pageau.
11:29 of 1st period - Shot Blocked by Esa Lindell.
11:34 of 1st period - Icing by Travis Konecny.
11:35 of 1st period - Michael Ryder wins face-off versus Jarret Stoll in Lightning zone.
11:48 of 1st period - Shot by Andrew Ladd.
11:48 of 1st period - Shot Blocked by Jarret Stoll.
11:58 of 1st period - Andrew Ladd is hit by Kyle Quincey and loses puck.
12:01 of 1st period - Shot by Michael Ryder.
12:01 of 1st period - Stopped by Devan Dubnyk without a rebound.
12:02 of 1st period - Henrik Zetterberg wins face-off versus Jordan Staal in Lightning zone.
12:42 of 1st period - Shot by Nick Foligno.
12:42 of 1st period - Deflect By Corey Perry.
12:42 of 1st period - Stopped by Martin Jones without a rebound.
12:43 of 1st period - Nathan MacKinnon wins face-off versus Vyacheslav Trukhno in Sharks zone.
12:55 of 1st period - Icing by Rob Scuderi.
12:56 of 1st period - Jarret Stoll wins face-off versus Nathan MacKinnon in Sharks zone.
12:57 of 1st period - Shot by Alexander Ovechkin.
12:57 of 1st period - Shot Misses the Net.
13:17 of 1st period - Off-side.
13:18 of 1st period - Jordan Staal wins face-off versus Henrik Zetterberg in neutral zone.
14:00 of 1st period - Minor Penalty to Brett Pesce for Hooking.
14:01 of 1st period - Daniel Winnik wins face-off versus Jarret Stoll in Lightning zone.
14:06 of 1st period - Shot by Andrew Ladd.
14:06 of 1st period - Stopped by Devan Dubnyk without a rebound.
14:07 of 1st period - Daniel Winnik wins face-off versus Jarret Stoll in Lightning zone.
14:23 of 1st period - Icing by Michael Ryder.
14:24 of 1st period - Daniel Winnik wins face-off versus Jarret Stoll in Sharks zone.
14:33 of 1st period - Shot by Rob Scuderi.
14:33 of 1st period - Deflect By Michael Ryder.
14:33 of 1st period - Shot Misses the Net.
14:35 of 1st period - Shot by Daniel Winnik.
14:35 of 1st period - Stopped by Devan Dubnyk without a rebound.
14:36 of 1st period - Jordan Staal wins face-off versus Henrik Zetterberg in Lightning zone.
14:51 of 1st period - Shot by Henrik Zetterberg.
14:51 of 1st period - Shot Misses the Net.
15:09 of 1st period - Shot by Nikita Nikitin.
15:09 of 1st period - Shot Misses the Net.
15:11 of 1st period - Shot by Alec Martinez.
15:11 of 1st period - Shot Blocked by Drew Doughty.
15:13 of 1st period - Shot by Dany Heatley.
15:13 of 1st period - Stopped by Devan Dubnyk with a rebound.
15:15 of 1st period - Shot by Nikita Nikitin.
15:15 of 1st period - Deflect By Henrik Zetterberg.
15:15 of 1st period - Shot Misses the Net.
15:17 of 1st period - Shot by Henrik Zetterberg.
15:17 of 1st period - Stopped by Devan Dubnyk without a rebound.
15:18 of 1st period - Jarret Stoll wins face-off versus Daniel Winnik in Lightning zone.
15:55 of 1st period - Shot by Jarret Stoll.
15:55 of 1st period - Shot Misses the Net.
16:05 of 1st period - Shot by Jean-Gabriel Pageau.
16:05 of 1st period - Stopped by Devan Dubnyk without a rebound.
16:06 of 1st period - Jean-Gabriel Pageau wins face-off versus Vyacheslav Trukhno in Lightning zone.
16:17 of 1st period - Shot by Jean-Gabriel Pageau.
16:17 of 1st period - Stopped by Devan Dubnyk with a rebound.
16:34 of 1st period - Alexander Burmistrov is hit by Alec Martinez and loses puck.
16:40 of 1st period - Icing by Alec Martinez.
16:41 of 1st period - Mark Letestu wins face-off versus Nick Foligno in Sharks zone.
16:41 of 1st period - Mark Letestu is hit by Nick Foligno.
18:02 of 1st period - Minor Penalty to Jarret Stoll for Holding Stick.
18:03 of 1st period - Jordan Staal wins face-off versus Henrik Zetterberg in Lightning zone.
18:09 of 1st period - Icing by Marian Gaborik.
18:10 of 1st period - Henrik Zetterberg wins face-off versus Jordan Staal in Sharks zone.
18:35 of 1st period - Shot by Seth Jones.
18:35 of 1st period - Goal by Seth Jones - Lightning : 0 - Sharks : 4.
18:36 of 1st period - Jarret Stoll wins face-off versus Nathan MacKinnon in neutral zone.
18:36 of 1st period - Jarret Stoll is hit by Michael Ryder.
18:45 of 1st period - Andrew Ladd is hit by Jarret Stoll and loses puck.
18:49 of 1st period - Andrew Ladd is hit by Jarret Stoll and loses puck.
18:58 of 1st period - Keith Ballard is hit by Jarret Stoll and loses puck.
19:02 of 1st period - Colton Parayko is hit by Jarret Stoll and loses puck.
19:10 of 1st period - Off-side.
19:11 of 1st period - Henrik Zetterberg wins face-off versus Jordan Staal in neutral zone.
19:16 of 1st period - Shot by Henrik Zetterberg.
19:16 of 1st period - Stopped by Devan Dubnyk with a rebound.
19:18 of 1st period - Shot by Rob Scuderi.
19:18 of 1st period - Shot Misses the Net.
19:20 of 1st period - Shot by Marian Gaborik.
19:20 of 1st period - Shot Misses the Net.
19:22 of 1st period - Shot by Rob Scuderi.
19:22 of 1st period - Shot Blocked by Jordan Staal.
19:32 of 1st period - Shot by Henrik Zetterberg.
19:32 of 1st period - Stopped by Devan Dubnyk without a rebound.
19:33 of 1st period - Vyacheslav Trukhno wins face-off versus Daniel Winnik in Lightning zone.
Goals for this period are 0 for Lightning vs 4 for Sharks.
Shots for this period are 5 for Lightning vs 21 for Sharks.

2nd period


0:01 of 2nd period - Jordan Staal wins face-off versus Nathan MacKinnon in neutral zone.
0:12 of 2nd period - Icing by Drew Doughty.
0:13 of 2nd period - Henrik Zetterberg wins face-off versus Corey Perry in Lightning zone.
0:14 of 2nd period - Shot by Dany Heatley.
0:14 of 2nd period - Stopped by Devan Dubnyk with a rebound.
0:48 of 2nd period - Shot by Nick Foligno.
0:48 of 2nd period - Stopped by Martin Jones without a rebound.
0:49 of 2nd period - Nathan MacKinnon wins face-off versus Jarret Stoll in Sharks zone.
1:06 of 2nd period - Shot by Alexander Ovechkin.
1:06 of 2nd period - Shot Misses the Net.
1:08 of 2nd period - Shot by Travis Konecny.
1:08 of 2nd period - Stopped by Martin Jones without a rebound.
1:09 of 2nd period - Vyacheslav Trukhno wins face-off versus Daniel Winnik in Sharks zone.
1:40 of 2nd period - Shot by Alexander Burmistrov.
1:40 of 2nd period - Shot Misses the Net.
2:24 of 2nd period - Shot by Andrew Ladd.
2:24 of 2nd period - Stopped by Devan Dubnyk without a rebound.
2:25 of 2nd period - Nick Foligno wins face-off versus Henrik Zetterberg in Lightning zone.
2:30 of 2nd period - Shot by Tyler Toffoli.
2:30 of 2nd period - Stopped by Martin Jones without a rebound.
2:31 of 2nd period - Jordan Staal wins face-off versus Marian Gaborik in Sharks zone.
2:42 of 2nd period - Shot by Nick Foligno.
2:42 of 2nd period - Stopped by Martin Jones without a rebound.
2:43 of 2nd period - Jarret Stoll wins face-off versus Andrew Ladd in Sharks zone.
3:05 of 2nd period - Icing by Alexander Ovechkin.
3:06 of 2nd period - Jarret Stoll wins face-off versus Henrik Zetterberg in Lightning zone.
3:34 of 2nd period - Icing by Jack Johnson.
3:35 of 2nd period - Nathan MacKinnon wins face-off versus Jarret Stoll in Lightning zone.
3:36 of 2nd period - Shot by Michael Ryder.
3:36 of 2nd period - Shot Blocked by Brett Pesce.
4:31 of 2nd period - Shot by Marian Gaborik.
4:31 of 2nd period - Deflect By Henrik Zetterberg.
4:31 of 2nd period - Stopped by Devan Dubnyk with a rebound.
4:35 of 2nd period - Shot by Dany Heatley.
4:35 of 2nd period - Shot Blocked by Drew Doughty.
5:36 of 2nd period - Shot by Cal Clutterbuck.
5:36 of 2nd period - Stopped by Devan Dubnyk without a rebound.
5:37 of 2nd period - Jarret Stoll wins face-off versus Jean-Gabriel Pageau in Lightning zone.
5:44 of 2nd period - Rob Scuderi is hit by Jarret Stoll and loses puck.
6:11 of 2nd period - Shot by Travis Konecny.
6:11 of 2nd period - Goal by Travis Konecny - Lightning : 1 - Sharks : 4.
6:12 of 2nd period - Jordan Staal wins face-off versus Nathan MacKinnon in neutral zone.
6:36 of 2nd period - Shot by Nick Foligno.
6:36 of 2nd period - Shot Misses the Net.
6:38 of 2nd period - Shot by Jordan Staal.
6:38 of 2nd period - Deflect By Corey Perry.
6:38 of 2nd period - Stopped by Martin Jones with a rebound.
6:40 of 2nd period - Shot by Nick Foligno.
6:40 of 2nd period - Deflect By Corey Perry.
6:40 of 2nd period - Stopped by Martin Jones without a rebound.
6:41 of 2nd period - Henrik Zetterberg wins face-off versus Vyacheslav Trukhno in Sharks zone.
6:47 of 2nd period - Off-side.
6:48 of 2nd period - Jarret Stoll wins face-off versus Henrik Zetterberg in neutral zone.
7:02 of 2nd period - Shot by Marian Gaborik.
7:02 of 2nd period - Shot Misses the Net.
7:27 of 2nd period - Icing by Rob Scuderi.
7:28 of 2nd period - Dany Heatley wins face-off versus Jordan Staal in Sharks zone.
8:16 of 2nd period - Andrew Ladd is hit by Corey Perry and loses puck.
9:27 of 2nd period - Icing by Travis Konecny.
9:28 of 2nd period - Henrik Zetterberg wins face-off versus Jarret Stoll in Lightning zone.
9:31 of 2nd period - Shot by Dany Heatley.
9:31 of 2nd period - Deflect By Henrik Zetterberg.
9:31 of 2nd period - Shot Blocked by Jarret Stoll.
10:08 of 2nd period - Shot by Henrik Zetterberg.
10:08 of 2nd period - Deflect By Marian Gaborik.
10:08 of 2nd period - Shot Blocked by Kyle Quincey.
10:18 of 2nd period - Icing by Esa Lindell.
10:19 of 2nd period - Nathan MacKinnon wins face-off versus Vyacheslav Trukhno in Lightning zone.
11:00 of 2nd period - Shot by Nick Foligno.
11:00 of 2nd period - Shot Blocked by Michael Ryder.
12:03 of 2nd period - Michael Frolik is hit by Jack Johnson and loses puck.
12:22 of 2nd period - Shot by Alexander Ovechkin.
12:22 of 2nd period - Stopped by Martin Jones with a rebound.
12:56 of 2nd period - Icing by Alexander Burmistrov.
12:57 of 2nd period - Alexander Burmistrov wins face-off versus Dany Heatley in Lightning zone.
13:54 of 2nd period - Shot by Jean-Gabriel Pageau.
13:54 of 2nd period - Shot Blocked by Esa Lindell.
13:56 of 2nd period - Shot by Jean-Gabriel Pageau.
13:56 of 2nd period - Shot Misses the Net.
14:03 of 2nd period - Minor Penalty to Keith Ballard for Holding.
14:04 of 2nd period - Jordan Staal wins face-off versus Dany Heatley in Sharks zone.
14:41 of 2nd period - Shot by Drew Doughty.
14:41 of 2nd period - Shot Misses the Net.
14:43 of 2nd period - Shot by Jordan Staal.
14:43 of 2nd period - Shot Blocked by Alec Martinez.
15:34 of 2nd period - Carl Hagelin is hit by Seth Jones and loses puck.
15:37 of 2nd period - Shot by Esa Lindell.
15:37 of 2nd period - Stopped by Martin Jones with a rebound.
15:39 of 2nd period - Shot by Kyle Quincey.
15:39 of 2nd period - Stopped by Martin Jones without a rebound.
15:40 of 2nd period - Dany Heatley wins face-off versus Jarret Stoll in Sharks zone.
16:38 of 2nd period - Colton Parayko is hit by Jack Johnson and loses puck.
17:04 of 2nd period - Off-side.
17:05 of 2nd period - Jordan Staal wins face-off versus Daniel Winnik in neutral zone.
17:20 of 2nd period - Shot by Jordan Staal.
17:20 of 2nd period - Stopped by Martin Jones without a rebound.
17:21 of 2nd period - Henrik Zetterberg wins face-off versus Jarret Stoll in Sharks zone.
17:31 of 2nd period - Minor Penalty to Esa Lindell for Hooking.
17:32 of 2nd period - Dany Heatley wins face-off versus Jordan Staal in Lightning zone.
17:32 of 2nd period - Rob Scuderi is hit by Drew Doughty and loses puck.
17:41 of 2nd period - Shot by Henrik Zetterberg.
17:41 of 2nd period - Shot Misses the Net.
18:27 of 2nd period - Shot by Michael Ryder.
18:27 of 2nd period - Deflect By Daniel Winnik.
18:27 of 2nd period - Stopped by Devan Dubnyk with a rebound.
19:39 of 2nd period - Jean-Gabriel Pageau is hit by Blake Comeau and loses puck.
19:44 of 2nd period - Keith Ballard is hit by Blake Comeau and loses puck.
19:55 of 2nd period - Shot by Kyle Quincey.
19:55 of 2nd period - Stopped by Martin Jones with a rebound.
19:57 of 2nd period - Shot by Kyle Quincey.
19:57 of 2nd period - Stopped by Martin Jones with a rebound.
Goals for this period are 1 for Lightning vs 0 for Sharks.
Shots for this period are 13 for Lightning vs 5 for Sharks.

3rd period


0:01 of 3rd period - Henrik Zetterberg wins face-off versus Jordan Staal in neutral zone.
0:01 of 3rd period - Marian Gaborik is hit by Jordan Staal and loses puck.
0:25 of 3rd period - Henrik Zetterberg is hit by Nick Foligno and loses puck.
0:46 of 3rd period - Shot by Nick Foligno.
0:46 of 3rd period - Shot Misses the Net.
1:00 of 3rd period - Shot by Alexander Ovechkin.
1:00 of 3rd period - Shot Blocked by Rob Scuderi.
1:02 of 3rd period - Shot by Jarret Stoll.
1:02 of 3rd period - Stopped by Martin Jones without a rebound.
1:03 of 3rd period - Nathan MacKinnon wins face-off versus Vyacheslav Trukhno in Sharks zone.
1:24 of 3rd period - Shot by Michael Ryder.
1:24 of 3rd period - Stopped by Devan Dubnyk with a rebound.
1:26 of 3rd period - Shot by Andrew Ladd.
1:26 of 3rd period - Shot Blocked by Kyle Quincey.
1:28 of 3rd period - Shot by Alec Martinez.
1:28 of 3rd period - Stopped by Devan Dubnyk without a rebound.
1:29 of 3rd period - Daniel Winnik wins face-off versus Jarret Stoll in Lightning zone.
1:29 of 3rd period - Michael Frolik is hit by Brett Pesce and loses puck.
2:12 of 3rd period - Minor Penalty to Jarret Stoll for Hooking.
2:13 of 3rd period - Henrik Zetterberg wins face-off versus Jordan Staal in Lightning zone.
3:04 of 3rd period - Carl Hagelin is hit by Dany Heatley and loses puck.
3:19 of 3rd period - Shot by Michael Ryder.
3:19 of 3rd period - Stopped by Devan Dubnyk without a rebound.
3:20 of 3rd period - Nick Foligno wins face-off versus Daniel Winnik in Lightning zone.
3:31 of 3rd period - Shot by Nikita Nikitin.
3:31 of 3rd period - Stopped by Devan Dubnyk without a rebound.
3:32 of 3rd period - Nick Foligno wins face-off versus Daniel Winnik in Lightning zone.
3:48 of 3rd period - Michael Ryder is hit by Morgan Rielly and loses puck.
3:53 of 3rd period - Shot by Michael Ryder.
3:53 of 3rd period - Stopped by Devan Dubnyk without a rebound.
3:54 of 3rd period - Jordan Staal wins face-off versus Henrik Zetterberg in Lightning zone.
4:05 of 3rd period - Shot by Seth Jones.
4:05 of 3rd period - Shot Misses the Net.
4:07 of 3rd period - Shot by Rob Scuderi.
4:07 of 3rd period - Shot Misses the Net.
4:27 of 3rd period - Icing by Kyle Quincey.
4:28 of 3rd period - Jarret Stoll wins face-off versus Nathan MacKinnon in Lightning zone.
4:30 of 3rd period - Travis Konecny is hit by Michael Ryder and loses puck.
4:39 of 3rd period - Shot by Michael Ryder.
4:39 of 3rd period - Shot Blocked by Kyle Quincey.
4:41 of 3rd period - Shot by Michael Ryder.
4:41 of 3rd period - Stopped by Devan Dubnyk without a rebound.
4:42 of 3rd period - Jordan Staal wins face-off versus Daniel Winnik in Lightning zone.
4:47 of 3rd period - Shot by Michael Frolik.
4:47 of 3rd period - Stopped by Devan Dubnyk without a rebound.
4:48 of 3rd period - Henrik Zetterberg wins face-off versus Jordan Staal in Lightning zone.
4:53 of 3rd period - Shot by Marian Gaborik.
4:53 of 3rd period - Shot Misses the Net.
4:56 of 3rd period - Icing by Morgan Rielly.
4:57 of 3rd period - Jordan Staal wins face-off versus Andrew Ladd in Lightning zone.
4:57 of 3rd period - Jordan Staal is hit by Michael Ryder.
5:09 of 3rd period - Shot by Nathan MacKinnon.
5:09 of 3rd period - Shot Blocked by Morgan Rielly.
6:03 of 3rd period - Off-side.
6:04 of 3rd period - Cal Clutterbuck wins face-off versus Jarret Stoll in neutral zone.
6:25 of 3rd period - Shot by Cal Clutterbuck.
6:25 of 3rd period - Stopped by Devan Dubnyk without a rebound.
6:26 of 3rd period - Henrik Zetterberg wins face-off versus Vyacheslav Trukhno in Lightning zone.
7:02 of 3rd period - Icing by Kyle Quincey.
7:03 of 3rd period - Vyacheslav Trukhno wins face-off versus Michael Ryder in Lightning zone.
7:27 of 3rd period - Shot by Nathan MacKinnon.
7:27 of 3rd period - Stopped by Devan Dubnyk with a rebound.
8:34 of 3rd period - Off-side.
8:35 of 3rd period - Jarret Stoll wins face-off versus Henrik Zetterberg in neutral zone.
8:54 of 3rd period - Shot by Marian Gaborik.
8:54 of 3rd period - Stopped by Devan Dubnyk without a rebound.
8:55 of 3rd period - Oscar Lindberg wins face-off versus Jordan Staal in Lightning zone.
10:11 of 3rd period - Icing by Rob Scuderi.
10:12 of 3rd period - Henrik Zetterberg wins face-off versus Vyacheslav Trukhno in Sharks zone.
10:28 of 3rd period - Icing by Kyle Quincey.
10:29 of 3rd period - Vyacheslav Trukhno wins face-off versus Nathan MacKinnon in Lightning zone.
10:56 of 3rd period - Shot by Andrew Ladd.
10:56 of 3rd period - Stopped by Devan Dubnyk without a rebound.
10:57 of 3rd period - Nick Foligno wins face-off versus Henrik Zetterberg in Lightning zone.
11:09 of 3rd period - Shot by Marian Gaborik.
11:09 of 3rd period - Stopped by Devan Dubnyk without a rebound.
11:10 of 3rd period - Jarret Stoll wins face-off versus Daniel Winnik in Lightning zone.
11:10 of 3rd period - Jarret Stoll is hit by Cal Clutterbuck.
11:17 of 3rd period - Icing by Alexander Ovechkin.
11:18 of 3rd period - Jarret Stoll wins face-off versus Henrik Zetterberg in Lightning zone.
11:43 of 3rd period - Shot by Jarret Stoll.
11:43 of 3rd period - Deflect By Alexander Ovechkin.
11:43 of 3rd period - Stopped by Martin Jones without a rebound.
11:44 of 3rd period - Jordan Staal wins face-off versus Nathan MacKinnon in Sharks zone.
11:52 of 3rd period - Nikita Nikitin is hit by Jordan Staal and loses puck.
12:17 of 3rd period - Shot by Nick Foligno.
12:17 of 3rd period - Shot Misses the Net.
12:23 of 3rd period - Shot by Nick Foligno.
12:23 of 3rd period - Stopped by Martin Jones without a rebound.
12:24 of 3rd period - Jarret Stoll wins face-off versus Marian Gaborik in Sharks zone.
13:05 of 3rd period - Shot by Dany Heatley.
13:05 of 3rd period - Shot Misses the Net.
13:30 of 3rd period - Shot by Cal Clutterbuck.
13:30 of 3rd period - Shot Blocked by Kyle Quincey.
13:52 of 3rd period - Shot by Cal Clutterbuck.
13:52 of 3rd period - Shot Blocked by Esa Lindell.
13:54 of 3rd period - Shot by Keith Ballard.
13:54 of 3rd period - Stopped by Devan Dubnyk without a rebound.
13:55 of 3rd period - Nathan MacKinnon wins face-off versus Vyacheslav Trukhno in Lightning zone.
14:10 of 3rd period - Nikita Nikitin is hit by Blake Comeau and loses puck.
14:23 of 3rd period - Alexander Burmistrov is hit by Michael Ryder and loses puck.
14:57 of 3rd period - Minor Penalty to Oscar Lindberg for Boarding.
14:58 of 3rd period - Jordan Staal wins face-off versus Dany Heatley in Sharks zone.
14:59 of 3rd period - Shot by Esa Lindell.
14:59 of 3rd period - Stopped by Martin Jones without a rebound.
15:00 of 3rd period - Dany Heatley wins face-off versus Jordan Staal in Sharks zone.
15:00 of 3rd period - Dany Heatley is hit by Nick Foligno.
15:13 of 3rd period - Off-side.
15:14 of 3rd period - Jarret Stoll wins face-off versus Dany Heatley in neutral zone.
15:53 of 3rd period - Shot by Jarret Stoll.
15:53 of 3rd period - Shot Blocked by Alec Martinez.
16:39 of 3rd period - Shot by Drew Doughty.
16:39 of 3rd period - Shot Misses the Net.
16:41 of 3rd period - Shot by Morgan Rielly.
16:41 of 3rd period - Shot Misses the Net.
16:43 of 3rd period - Shot by Tyler Toffoli.
16:43 of 3rd period - Stopped by Martin Jones without a rebound.
16:44 of 3rd period - Carl Hagelin wins face-off versus Dany Heatley in Sharks zone.
17:11 of 3rd period - Jack Johnson is hit by Keith Ballard and loses puck.
17:36 of 3rd period - Shot by Colton Parayko.
17:36 of 3rd period - Shot Blocked by Brett Pesce.
17:38 of 3rd period - Shot by Andrew Ladd.
17:38 of 3rd period - Deflect By Michael Ryder.
17:38 of 3rd period - Stopped by Devan Dubnyk without a rebound.
17:39 of 3rd period - Cal Clutterbuck wins face-off versus Jordan Staal in Lightning zone.
17:58 of 3rd period - Shot by Jordan Staal.
17:58 of 3rd period - Stopped by Martin Jones without a rebound.
17:59 of 3rd period - Jean-Gabriel Pageau wins face-off versus Jarret Stoll in Sharks zone.
17:59 of 3rd period - Jean-Gabriel Pageau is hit by Alexander Ovechkin.
18:19 of 3rd period - Shot by Jarret Stoll.
18:19 of 3rd period - Shot Blocked by Alec Martinez.
18:21 of 3rd period - Shot by Jarret Stoll.
18:21 of 3rd period - Goal by Jarret Stoll - Lightning : 2 - Sharks : 4.
18:22 of 3rd period - Nathan MacKinnon wins face-off versus Nick Foligno in neutral zone.
18:35 of 3rd period - Shot by Michael Ryder.
18:35 of 3rd period - Stopped by Devan Dubnyk with a rebound.
18:39 of 3rd period - Shot by Michael Ryder.
18:39 of 3rd period - Goal by Michael Ryder - Lightning : 2 - Sharks : 5.
18:40 of 3rd period - Jarret Stoll wins face-off versus Henrik Zetterberg in neutral zone.
18:40 of 3rd period - Jack Johnson is hit by Dany Heatley and loses puck.
18:51 of 3rd period - Shot by Jarret Stoll.
18:51 of 3rd period - Shot Blocked by Nikita Nikitin.
18:59 of 3rd period - Shot by Jarret Stoll.
18:59 of 3rd period - Shot Misses the Net.
19:11 of 3rd period - Shot by Jarret Stoll.
19:11 of 3rd period - Shot Misses the Net.
19:39 of 3rd period - Shot by Drew Doughty.
19:39 of 3rd period - Stopped by Martin Jones without a rebound.
19:40 of 3rd period - Nick Foligno wins face-off versus Nathan MacKinnon in Sharks zone.
19:46 of 3rd period - Carl Hagelin is hit by Rob Scuderi and loses puck.
Goals for this period are 1 for Lightning vs 1 for Sharks.
Shots for this period are 8 for Lightning vs 16 for Sharks.